 Dungeon Crawl Stone Soup version 0.19-a0-1937-g70ed36a (webtiles) character file.

987 varam the Grappler (level 7, 3/66 HPs)
             Began as a Troll Monk on Oct 26, 2016.
             Quit the game on level 5 of the Dungeon.
             The game lasted 00:06:17 (3248 turns).

varam the Grappler (Troll Monk)                     Turns: 3248, Time: 00:06:18

Health: 3/66       AC:  8    Str: 22    XL:     7   Next: 97%
Magic:  6/6        EV: 10    Int:  6    God:
Gold:   194        SH:  0    Dex: 12    Spells: 0 memorised, 6 levels left

rFire  . . .     SeeInvis .       - Unarmed
rCold  . . .     Gourm    +     a - +0 robe
rNeg   . . .     Faith    .     (no shield)
rPois  .         Spirit   .     (helmet restricted)
rElec  .         Reflect  .     v - +2 cloak
rCorr  .         Harm     .     (gloves unavailable)
MR     .....                    (boots unavailable)
Stlth  ++........               (no amulet)
                                (no ring)
                                (no ring)

@: lethally poisoned (3 -> -22)
A: unfitting armour, claws 3, fast metabolism 3, gourmand, regeneration 1,
shaggy fur 1, tough skin 2
a: no special abilities


You were on level 5 of the Dungeon.
You were completely stuffed.

You visited 1 branch of the dungeon, and saw 5 of its levels.

You collected 194 gold pieces.

Inventory:

Missiles
 y - 5 tomahawks (quivered)
Armour
 a - a +0 robe (worn)
 v - a +2 cloak (worn)
Wands
 s - a wand of flame (27/48)
Scrolls
 c - a scroll of magic mapping {unknown}
 e - a scroll of teleportation {unknown}
 f - a scroll of amnesia {unknown}
 g - a scroll of enchant weapon {unknown}
 h - a scroll of fog {unknown}
 i - a scroll of recharging {unknown}
 l - 4 scrolls of remove curse {unknown}
 n - 4 scrolls of identify {unknown}
 o - a scroll of fear {unknown}
 t - a scroll of enchant armour {unknown}
Potions
 d - a potion of might {unknown}
 k - a potion of mutation {unknown}
 p - a potion of curing {unknown}
 r - a potion of brilliance {unknown}
 u - a potion of magic {unknown}
 x - a potion of degeneration {unknown}
Comestibles
 b - 5 bread rations
 j - a beef jerky
 m - 7 fruits
 q - a slice of pizza
 w - 15 chunks of flesh


   Skills:
 - Level 2.4 Fighting
 - Level 2.4 Dodging
 - Level 1.0 Stealth
 + Level 9.7 Unarmed Combat


You had 6 spell levels left.
You didn't know any spells.

Dungeon Overview and Level Annotations

Branches:
Dungeon (5/15)             Temple (0/1) D:5

Altars:
Ashenzari
Fedhas
Hepliaklqana
Nemelex Xobeh
Trog
Zin


Innate Abilities, Weirdness & Mutations

You are too large for most types of armour.
You have claws for hands.
Your metabolism is lightning-fast.
You like to eat raw meat.
Your natural rate of healing is unusually fast.
You are covered in fur. (AC +1)
You have very tough skin. (AC +2)


Message History

The killer bee stings you but does no damage.
You claw the killer bee!
The killer bee is severely wounded.
You feel sick. The killer bee stings you!
* * * LOW HITPOINT WARNING * * *
You are lethally poisoned!
The killer bee poisons you! The killer bee stings you!
* * * LOW HITPOINT WARNING * * *
You closely miss the killer bee.
The killer bee is severely wounded.
* * * LOW HITPOINT WARNING * * *
You feel sick. The killer bee barely misses you.
You closely miss the killer bee. Your claw misses the killer bee.
The killer bee is severely wounded.
* * * LOW HITPOINT WARNING * * *
You feel sick. The killer bee stings you.
* * * LOW HITPOINT WARNING * * *
You are more poisoned.
The killer bee poisons you! The killer bee closely misses you.
Are you sure you want to abandon this character and quit the game? (Confirm with "yes".)

#...... .. #......
>.## #######....
...# .....##....
...# #....... #..#
#...#... #.y
##..##... #y####
#####...##... #yy@)#
#.))<.#.##...
####.###.#####.###.#
#..##.# #.# #.#
##..#.# #.. ..#
##.#.# ##### #<..##
#....# ##†##...#
##..# ##.#


You could see 3 killer bees.

Vanquished Creatures
  An ice beast (D:5)
  A phantom (D:5)
  3 ogres
  A scorpion (D:4)
  A howler monkey (D:5)
  A killer bee (D:5)
  2 crimson imps (D:5)
  A hound (D:4)
  A bullfrog skeleton (D:4)
  2 orc priests (D:5)
  2 orc wizards (D:4)
  An iguana (D:4)
  A worker ant (D:5)
  A gnoll (D:1)
  5 adders
  3 dart slugs
  3 leopard geckos
  14 orcs
  4 bats
  2 giant cockroaches
  6 goblins
  8 hobgoblins
  7 jackals
  6 kobolds
  A quokka (D:4)
  6 frilled lizards
  2 rats
86 creatures vanquished.

Notes
Turn   | Place    | Note
-------+----------+-------------------------------------------
     0 | D:1      | varam the Troll Monk began the quest for the Orb.
     0 | D:1      | Reached XP level 1. HP: 22/22 MP: 0/0
    83 | D:1      | Reached XP level 2. HP: 8/29 MP: 1/1
   356 | D:1      | Reached skill level 4 in Unarmed Combat
   480 | D:1      | Reached XP level 3. HP: 35/36 MP: 2/2
  1419 | D:3      | Found a faded altar of an unknown god.
  1492 | D:3      | Reached XP level 4. HP: 44/44 MP: 3/3
  1516 | D:3      | Reached skill level 5 in Unarmed Combat
  1848 | D:3      | Found a shattered altar of Ashenzari.
  2182 | D:4      | Noticed an ogre
  2298 | D:4      | Reached XP level 5. HP: 36/50 MP: 4/4
  2301 | D:4      | Found a bloodstained altar of Trog.
  2307 | D:4      | Found a hazy altar of Hepliaklqana.
  2344 | D:4      | Noticed an ogre
  2351 | D:4      | Killed an ogre
  2351 | D:4      | Reached skill level 6 in Unarmed Combat
  2498 | D:4      | Reached XP level 6. HP: 47/59 MP: 5/5
  2501 | D:4      | Reached skill level 7 in Unarmed Combat
  2869 | D:4      | Found a blossoming altar of Fedhas.
  2869 | D:4      | Found a sparkling altar of Nemelex Xobeh.
  2895 | D:4      | Found a glowing silver altar of Zin.
  3042 | D:5      | Entered Level 5 of the Dungeon
  3055 | D:5      | Reached skill level 8 in Unarmed Combat
  3058 | D:5      | Reached XP level 7. HP: 66/66 MP: 6/6
  3144 | D:5      | Found a shattered altar of Ashenzari.
  3163 | D:5      | Reached skill level 9 in Unarmed Combat
  3229 | D:5      | Found a staircase to the Ecumenical Temple.
  3247 | D:5      | HP: 3/66 [killer bee (6)]
  3248 | D:5      | Quit the game

Vault maps used:
D:1:      tarquinn_simple_flora_water_e
D:3:      lemuel_crystal_altar, ecumenical_altar_2
D:4:      old_standard_altar, lemuel_crystal_altar, grunt_temple_overflow_open,
          first_bread, eino_small_chamber_without_monster
D:5:      basic_altar, minivault_1, roderic_lattice_a

Skill      XL: |  1  2  3  4  5  6  7 |
---------------+----------------------+-----
Unarmed Combat | 4 5 6 8 9 |  9.7
Fighting       | |  2.4
Dodging        | |  2.4
Stealth        | |  1.0

Action                   |  1- 3 |  4- 6 |  7- 9 || total
-------------------------+-------+-------+-------++-------
Melee: Unarmed           |   103 |    94 |    74 ||   271
       Punch             |     2 |     1 |     3 ||     6
 Stab: Sleeping          |     3 |     2 |       ||     5
  Eat: Chunk             |    10 |    23 |     2 ||    35
Armor: Robe              |    22 |    27 |    34 ||    83
Dodge: Dodged            |    35 |    24 |    36 ||    95
